 Dungeon Crawl Stone Soup version 0.28-a0-1435-g82390b3a13 (webtiles) character file.

Game seed: 16448157316281678945

636246 frimble the Warrior (level 27, -24/224 HPs)
             Began as a Demonspawn Warper on Jan 10, 2022.
             Was the Champion of Cheibriados.
             Killed by dispel undead
             ... invoked by a Tzitzimitl
              (35 damage)
             ... on level 12 of a ziggurat.
             The game lasted 01:58:06 (58719 turns).

frimble the Warrior (Demonspawn Warper)            Turns: 58719, Time: 01:58:07

Health: -24/224    AC: 24    Str: 29    XL:     27
Magic:  30/41      EV: 24    Int: 40    God:    Cheibriados [******]
Gold:   5500       SH: 18    Dex: 28    Spells: 35/55 levels left

rFire   + + .      SeeInvis .   z - +7 Singing Sword {vorpal, sonic wave}
rCold   + + +      Faith    .   B - +2 kite shield {reflect}
rNeg    + + +      Spirit   .   O - +4 troll leather armour
rPois   ∞          Reflect  +   k - +0 helmet of Starshine {rN+ Will+}
rElec   .          Harm     .   G - +2 cloak {Stlth+}
rCorr   +          Rampage  .   r - +2 pair of gloves "Leygay" {rPois Will+ Str+3 Slay+2}
Will    +++++      Clarity  +   (boots unavailable)
Stlth   ++++......              W - amulet of the Four Winds {rN+ Will+++ Clar}
HPRegen 8.27/turn               Y - ring "Zarucap" {rF+ rC++ rN+ rCorr Dex-2}
MPRegen 0.27/turn               x - ring of the Grey Skies {rF+ rC+ rCorr Slay+3}

@: lich-form, studying Throwing, very slow
A: draining attack, torment immunity, no potions, hooves 3, foul stench 3,
powered by death 3, augmentation 3, sharp scales 3, weak 1
}: 3/15 runes: barnacled, silver, gossamer
a: End Transformation, Renounce Religion, Bend Time, Temporal Distortion,
Slouch, Step From Time


You were on level 12 of a ziggurat.
You worshipped Cheibriados.
Cheibriados was exalted by your worship.
You were an undead lich.
You visited 12 branches of the dungeon, and saw 53 of its levels.
You visited 1 ziggurat, and saw 12 of its levels.
You also visited: Sewer.

You collected 9084 gold pieces.
You spent 3584 gold pieces at shops.

Inventory:

Hand Weapons
 z - the +7 Singing Sword (weapon) {vorpal, sonic wave}
   (You found it on level 3 of the Elven Halls)

   It inflicts extra damage upon your enemies.
   It radiates damaging sonic waves as it strikes, especially in combat
   involving dangerous or numerous foes.
Missiles
 v - 6 silver javelins
 J - 11 throwing nets
 T - 11 silver boomerangs (quivered)
Armour
 k - the +0 helmet of Starshine (worn) {rN+ Will+}
   (You found it on level 3 of the Depths)

   rN:        It protects you from negative energy.
   Will:      It increases your willpower.
 r - the +2 pair of gloves "Leygay" (worn) {rPois Will+ Str+3 Slay+2}
   (You found it on level 4 of the Dungeon)

   Str:       It affects your strength (+3).
   Slay:      It affects your accuracy & damage with ranged weapons and melee
   (+2).
   rPois:     It protects you from poison.
   Will:      It increases your willpower.
 B - a +2 kite shield of reflection (worn)
 G - a +2 cloak of stealth (worn)
 O - a +4 troll leather armour (worn)
Jewellery
 i - the ring "Rimmoboo" {Fly Will+ Int+4}
   (You found it on level 4 of a ziggurat)

   [ring of willpower]

   Int:       It affects your intelligence (+4).
   Fly:       It grants you flight.
   Will:      It increases your willpower.
 x - the ring of the Grey Skies (right hand) {rF+ rC+ rCorr Slay+3}
   (You found it on level 3 of the Elven Halls)

   [ring of protection from fire]

   Slay:      It affects your accuracy & damage with ranged weapons and melee
   (+3).
   rF:        It protects you from fire.
   rC:        It protects you from cold.
   rCorr:     It protects you from acid and corrosion.
 y - the ring of Reimbursement {Fly Str+6 Dex+4 Stlth+}
   (You found it on level 3 of the Elven Halls)

   [ring of strength]

   Str:       It affects your strength (+6).
   Dex:       It affects your dexterity (+4).
   Fly:       It grants you flight.
   Stlth:     It makes you more stealthy.
 C - the ring "Xigaris" {+Blink rC+ rN+ Stlth+}
   (You found it on level 2 of the Elven Halls)

   [ring of protection from cold]

   rC:        It protects you from cold.
   rN:        It protects you from negative energy.
   +Blink:    It lets you blink.
   Stlth:     It makes you more stealthy.
 U - the ring of Hapliuv {rN+ SInv}
   (You took it off a skeletal warrior on level 3 of the Crypt)

   [ring of positive energy]

   rN:        It protects you from negative energy.
   SInv:      It lets you see invisible.
 W - the amulet of the Four Winds (around neck) {rN+ Will+++ Clar}
   (You found it on level 2 of the Spider Nest)

   [amulet of nothing]

   rN:        It protects you from negative energy.
   Clar:      It protects you against confusion.
   Will:      It greatly increases your willpower.
 Y - the ring "Zarucap" (left hand) {rF+ rC++ rN+ rCorr Dex-2}
   (You acquired it on level 13 of the Dungeon)

   [ring of positive energy]

   Dex:       It affects your dexterity (-2).
   rF:        It protects you from fire.
   rC:        It greatly protects you from cold.
   rN:        It protects you from negative energy.
   rCorr:     It protects you from acid and corrosion.
 Z - the ring "Ceneh" {Wiz +Blink rF+ Int+4 Stlth+}
   (You found it on level 2 of the Spider Nest)

   [ring of wizardry]

   It improves your spell success rate.
   Int:       It affects your intelligence (+4).
   rF:        It protects you from fire.
   +Blink:    It lets you blink.
   Stlth:     It makes you more stealthy.
Wands
 q - a wand of iceblast (24)
 A - a wand of digging (21)
 I - a wand of acid (17)
 K - a wand of paralysis (2)
Scrolls
 c - 8 scrolls of blinking
 h - 9 scrolls of enchant armour
 m - a scroll of summoning
 o - 12 scrolls of enchant weapon
 p - a scroll of brand weapon
 w - 4 scrolls of holy word
 D - 11 scrolls of silence
 E - 8 scrolls of amnesia
 F - 7 scrolls of magic mapping
 L - 11 scrolls of teleportation
 M - 5 scrolls of fear
 N - 3 scrolls of torment
 R - 8 scrolls of fog
 V - 6 scrolls of immolation
Potions
 b - 6 potions of flight
 d - 21 potions of brilliance
 f - 13 potions of heal wounds
 g - 2 potions of resistance
 l - 11 potions of might
 n - 6 potions of lignification
 t - 6 potions of berserk rage
 u - 7 potions of cancellation
 H - 5 potions of magic
 P - 12 potions of mutation
 Q - 3 potions of invisibility
 S - 7 potions of ambrosia
 X - 14 potions of curing
Miscellaneous
 a - a phantom mirror
 e - a tin of tremorstones (2/2)
 s - a condenser vane


   Skills:
 + Level 20.1 Fighting
 - Level 11.7(14.7) Short Blades
 - Level 14.3(16.0) Long Blades
 + Level 14.9 Throwing
 - Level 0.8 Armour
 - Level 13.0 Dodging
 - Level 5.0 Stealth
 - Level 15.1 Shields
 + Level 14.9 Spellcasting
 - Level 20.0 Necromancy
 - Level 7.0 Translocations
 + Level 15.9 Transmutations
 - Level 5.0 Fire Magic
 + Level 12.5 Earth Magic
 - Level 4.0 Poison Magic
 + Level 13.7 Invocations
 - Level 11.1 Evocations


You had 35 spell levels left.
You knew the following spells:

 Your Spells              Type           Power      Damage    Failure   Level
a - Blink                 Tloc           100%       N/A       1%          2
b - Ignite Poison         Fire/Tmut/Pois 77%        N/A       1%          3
c - Statue Form           Tmut/Erth      64%        N/A       1%          6
d - Necromutation         Tmut/Necr      65%        N/A       9%          8
e - Apportation           Tloc           100%       N/A       1%          1

Your spell library contained the following spells:

 Spells                   Type           Power      Damage    Failure   Level
 Animate Skeleton         Necr           100%       N/A       0%          1
 Beastly Appendage        Tmut           100%       N/A       0%          1
 Pain                     Necr           100%       1d9       0%          1
 Sandblast                Erth           100%       2d20      0%          1
 Sublimation of Blood     Necr           100%       N/A       0%          2
 Vampiric Draining        Necr           100%       2d13      0%          3
 Animate Dead             Necr           68%        N/A       0%          4
 Dispel Undead            Necr           100%       3d31      0%          4
 Agony                    Necr           100%       N/A       0%          5
 Excruciating Wounds      Necr           68%        N/A       0%          5
 Sting                    Tmut/Pois      100%       1d8       1%          1
 Corpse Rot               Necr/Air       100%       N/A       1%          2
 Poisonous Vapours        Pois/Air       90%        N/A       1%          2
 Gell's Gravitas          Tloc           72%        N/A       1%          3
 Lesser Beckoning         Tloc           72%        N/A       1%          3
 Portal Projectile        Hex/Tloc       100%       N/A       1%          3
 Spider Form              Tmut/Pois      83%        N/A       1%          3
 Teleport Other           Tloc           72%        N/A       1%          3
 Animate Armour           Summ/Erth      100%       N/A       1%          4
 Ice Form                 Ice/Tmut       76%        N/A       1%          4
 Petrify                  Tmut/Erth      97%        N/A       1%          4
 Blade Hands              Tmut           51%        N/A       1%          5
 Borgnjor's Vile Clutch   Necr/Erth      63%        N/A       1%          5
 Lee's Rapid Deconstruct  Erth           46%        3d23*     1%          5
 Death Channel            Necr           68%        N/A       1%          6
 Freeze                   Ice            100%       1d11      2%          1
 Magic Dart               Conj           100%       1d8       2%          1
 Shock                    Conj/Air       100%       1d9       2%          1
 Summon Small Mammal      Summ           100%       N/A       2%          1
 Conjure Flame            Conj/Fire      49%        6-21      2%          3
 Inner Flame              Hex/Fire       49%        N/A       2%          3
 Yara's Violent Unravell  Hex/Tmut       38%        3d15      2%          5
 Dragon Form              Tmut           51%        N/A       2%          7
 Ensorcelled Hibernation  Hex/Ice        58%        N/A       3%          2
 Searing Ray              Conj           58%        2d6       3%          2
 Static Discharge         Conj/Air       29%        N/A       3%          2
 Mephitic Cloud           Conj/Pois/Air  40%        N/A       3%          3
 Manifold Assault         Tloc           72%        N/A       3%          5
 Borgnjor's Revivificati  Necr           68%        N/A       3%          8
 Infestation              Necr           68%        N/A       3%          8
 Iskenderun's Mystic Bla  Conj/Tloc      55%        2d12      4%          4
 Olgreb's Toxic Radiance  Pois           58%        N/A       4%          4
 Call Canine Familiar     Summ           29%        N/A       6%          3
 Confusing Touch          Hex            29%        N/A       6%          3
 Frozen Ramparts          Ice            58%        1d7       6%          3
 Ozocubu's Armour         Ice            29%        N/A       6%          3
 Summon Guardian Golem    Hex/Summ       29%        N/A       6%          3
 Flame Wave               Conj/Fire      49%        2d8       8%          4
 Sticky Flame             Conj/Fire      49%        2d7       8%          4
 Summon Forest            Summ/Tloc      27%        N/A       14%         5
 Dispersal                Tloc           36%        N/A       19%         6
 Cause Fear               Hex            14%        N/A       22%         4
 Fulminant Prism          Conj/Hex       14%        3d9       22%         4
 Summon Ice Beast         Ice/Summ       29%        N/A       22%         4
 Iron Shot                Conj/Erth      34%        9d7       24%         6
 Haunt                    Necr/Summ      52%        N/A       30%         7
 Freezing Cloud           Conj/Ice/Air   14%        6-21      52%         5
 Iskenderun's Battlesphe  Conj           29%        2d8       52%         5
 Lightning Bolt           Conj/Air       14%        1d28      52%         5
 Metabolic Englaciation   Hex/Ice        14%        N/A       52%         5
 Summon Mana Viper        Hex/Summ       29%        N/A       52%         5
 Death's Door             Necr           68%        N/A       52%         9
 Conjure Ball Lightning   Conj/Air       14%        3x3d6     97%         6
 Summon Cactus Giant      Summ           14%        N/A       97%         6
 Malign Gateway           Summ/Tloc      27%        N/A       99%         7
 Enfeeble                 Hex            14%        N/A       100%        7
 Monstrous Menagerie      Summ           14%        N/A       100%        7
 Ozocubu's Refrigeration  Ice            14%        4d7       100%        7
 Spellforged Servitor     Conj/Summ      14%        N/A       100%        7
 Discord                  Hex            14%        N/A       100%        8
 Disjunction              Tloc           36%        N/A       100%        8
 Maxwell's Capacitive Co  Air            14%        ∞         100%        8
 Summon Horrible Things   Summ           14%        N/A       100%        8
 Dragon's Call            Summ           14%        N/A       100%        9
 Fire Storm               Conj/Fire      24%        8d6       100%        9


Dungeon Overview and Level Annotations

Branches:
Dungeon (15/15)            Temple (1/1) D:7            Lair (6/6) D:11
 Shoals (4/4) Lair:3       Spider (4/4) Lair:2        Slime (0/5) Lair:6
    Orc (2/2) D:9             Elf (3/3) Orc:2        Vaults (5/5) D:13
  Crypt (3/3) Vaults:2       Tomb (1/3) Crypt:3      Depths (4/4) D:15
    Zot (5/5) Depths:4      Sewer (visited)

Altars:
Cheibriados
Dithmenos
Fedhas
Gozag
Hepliaklqana
Kikubaaqudgha
Nemelex Xobeh
Okawaru
Qazlal
Ru
Trog
Uskayaw
Wu Jian
Yredelemnul
Zin
Beogh
Jiyva

Shops:
D:3 !   D:14 =   D:15 [   Orc:1 !?=?   Orc:2 [[((   Elf:1 =*   Shoals:3 =
Shoals:4 ((*:   Vaults:1 *   Vaults:4 [   Vaults:5 :[!=   Depths:4 =::

Portals:
Hell: Depths:1 Depths:2 Depths:3 Depths:4
Abyss: Depths:3 Depths:4
Pandemonium: Depths:1 Depths:2

Annotations:
D:4 1 runed translucent door, hito's ghost, amateur GnWn
D:10 exclusion: orange crystal statue
D:12 2 transporters, rogsnak's ghost, journeyman DsAE
Lair:6 1 runed translucent door


Innate Abilities, Weirdness & Mutations

You are an undead lich.
Your unarmed attacks are suffused with negative energy.
You are immune to unholy pain and torment.
Your necromantic spells are more powerful.
You cannot drink.
You are immune to poison.
You have hooves in place of feet.
You frequently emit foul miasma when damaged in melee.
You regenerate a lot of health from kills.
Your magical and physical power is greatly enhanced at high health.
You are completely covered in razor-sharp scales. (AC +3, Slay +3)
You are weak. (Str -2)


Message History

You slice the Hell Sentinel!!
The Singing Sword shouts, "One, two, three..."
You send a blast of sound all around you.
The Tzitzimitl and the Hell Sentinel are blasted.
The Tzitzimitl is severely wounded.
The Hell Sentinel is almost dead.
You kick the Hell Sentinel, but do no damage.
The Hell Sentinel is almost dead.
The Hell Sentinel hits you!
* * * LOW HITPOINT WARNING * * *
The Hell Sentinel hits you but does no damage.
The Tzitzimitl engulfs you but does no damage.
You block the Tzitzimitl's attack.
You slash the Tzitzimitl!
You kick the Tzitzimitl, but do no damage.
The Tzitzimitl is almost dead.
You block the Hell Sentinel's attack. The Hell Sentinel misses you.
You closely miss the Tzitzimitl. You kick the Tzitzimitl.
The Tzitzimitl is almost dead.
The Tzitzimitl completely misses you. You block the Tzitzimitl's attack.
The Hell Sentinel gestures at you.
Your +2 kite shield of reflection reflects the iron shot!
The iron shot hits the Hell Sentinel!!!
You kill the Hell Sentinel!
Cheibriados appreciates the change of pace.
Something hits you!
* * * LOW HITPOINT WARNING * * *
Deactivating autopickup; reactivate with Ctrl-A.
You hit the Tzitzimitl but do no damage.
Your kick misses the Tzitzimitl.
The Tzitzimitl is almost dead.
The Tzitzimitl gestures at you.
You convulse!
* * * LOW HITPOINT WARNING * * *
Casting: Necromutation (dangerous; 9% risk of failure)
Confirm with . or Enter, or press ? or * to list all spells.
You blink.
The Tzitzimitl gestures at you.
You convulse!
You die...

▓....................
▓.....................
▓?:=..................
▓▓}∩||..)..............
▓.[>):.).§.............
▓)∩:[.)○1.............
▓.=...{...............
▓.....................
▓...L................
▓▓...................
▓▓..................
▓▓.................
▓▓▓▓..... ▓▓▓▓▓


You could see a Tzitzimitl.

Vanquished Creatures
  A dread lich (Vaults:5)
  2 ancient liches (Vaults:5)
  Mennas (Crypt:3)
  2 orbs of fire (Zot:3)
  2 royal mummies
  Sojobo (Crypt:1)
  A curse toe (Zot:1)
  Margery (Depths:1)
  A Killer Klown (Zot:2)
  Frederick (Crypt:1)
  A pandemonium lord (Zig:4)
  10 caustic shrikes
  Saint Roka (Crypt:2)
  Bai Suzhen (Crypt:3)
  2 profane servitors (Crypt:3)
  13 golden dragons
  2 bone dragons
  A Brimstone Fiend (Zig:12)
  2 electric golems
  A Hell Sentinel (Zig:12)
  20 tentacled monstrosities
  7 liches
  5 titans
  2 deep elf master archers (Elf:3)
  A walking divine tome (Depths:3)
  4 deep elf blademasters
  11 quicksilver dragons
  2 tentacled starspawn (Zig:7)
  An Executioner (Zig:12)
  4 death cobs
  Kirke (Lair:5)
  2 ancient champions
  12 sphinxes
  16 storm dragons
  10 tengu reavers
  Agnes (Spider:2)
  14 shadow dragons
  6 nagarajas
  2 revenants (Crypt:1)
  5 draconian monks
  Roxanne (Shoals:2)
  10 fire giants
  Donald (Vaults:1)
  6 frost giants
  2 iron dragons
  6 draconian knights
  4 balrugs
  11 vault wardens
  A cacodemon (Zig:4)
  5 deep elf sorcerers
  Aizul (Elf:3)
  A juggernaut zombie (Crypt:3)
  3 orc warlords
  A caustic shrike zombie (Crypt:1)
  4 deep elf elementalists (Elf:3)
  2 emperor scorpions
  7 draconian scorchers
  3 ghost moths
  6 draconian stormcallers
  3 draconian annihilators
  An angel (Depths:1)
  3 curse skulls
  14 ghouls
  5 war gargoyles
  A reaper (Depths:3)
  13 ironbound preservers
  4 draconian shifters
  13 very ugly things
  4 broodmothers
  2 caustic shrike skeletons
  2 demonspawn corrupters (Zig:12)
  Nessos (Lair:5)
  11 stone giants
  2 juggernaut skeletons
  2 bennus (Zig:8)
  10 deep elf demonologists
  7 red draconians
  18 yellow draconians
  7 ironbound thunderhulks
  3 vampire knights
  9 green draconians
  9 black draconians
  17 dire elephants
  9 entropy weavers
  5 deep elf annihilators
  10 spark wasps
  6 purple draconians
  7 white draconians
  13 eidola
  7 mummy priests
  4 merfolk javelineers (Shoals:4)
  4 deep elf death magi
  5 merfolk impalers (Shoals:4)
  13 ettins
  3 blizzard demons
  3 fire dragons
  12 deep elf high priests
  13 yaktaur captains
  4 great orbs of eyes
  31 vault guards
  10 jiangshi
  4 spriggan zombies
  13 hydras
  4 salamander tyrants
  4 ice dragons
  Erolcha (D:9)
  10 boulder beetles
  A rakshasa (Depths:1)
  A jorogumo (Spider:4)
  2 quicksilver dragon skeletons
  A ghost crab (Spider:2)
  2 naga warriors (Zig:10)
  Harold (D:9)
  An ogre mage (D:15)
  8 centaur warriors
  A spriggan air mage (Depths:4)
  3 catoblepae
  3 alligator snapping turtles (Shoals:4)
  2 peacekeepers
  6 ironbound frosthearts
  3 radroaches
  4 anacondas
  27 dancing weapons
  13 deep troll shamans
  5 death knights
  5 merfolk avatars
  8 merfolk aquamancers
  9 two-headed ogres
  2 satyrs (Shoals:2)
  2 death scarabs (Zig:8)
  3 alligators (Lair:4)
  2 orc high priests
  5 vampire magi
  3 naga sharpshooters
  14 deep troll earth magi
  13 tengu warriors (Depths:3)
  A thrashing horror (Zig:7)
  11 spriggan berserkers
  10 hell knights
  3 hell hogs (Depths:3)
  A titan skeleton (Crypt:2)
  Sonja (Lair:6)
  Nergalle (Lair:2)
  12 deep elf knights
  3 sun demons (Depths:3)
  2 shadow wraiths (Depths:3)
  41 skeletal warriors
  4 soul eaters
  13 iron trolls
  A fire crab (Lair:6)
  3 sun moths
  4 pharaoh ants
  16 orb spiders
  A salamander mystic (Zig:5)
  2 sixfirhies
  2 steelbarb worms (Spider:3)
  12 sea snakes
  62 deep trolls
  5 bog bodies
  A shadow demon (Zig:12)
  15 ironbound convokers
  4 flayed ghosts
  A quicksilver dragon simulacrum (Depths:3)
  9 orc knights
  6 deep elf archers
  8 glowing orange brains
  A naga ritualist (Zig:5)
  Pikel (D:4)
  12 lindwurms
  An orange crystal statue (Zig:5)
  2 shadow dragon zombies
  An iron dragon zombie (Zig:8)
  15 harpies
  12 necromancers
  12 wizards
  23 phantasmal warriors
  A wolf spider zombie (D:15)
  21 deep elf pyromancers
  21 deep elf zephyrmancers
  A tengu skeleton (Depths:1)
  3 mana vipers (Zig:10)
  A salamander (shapeshifter) (D:14)
  45 ugly things
  16 fauns (Shoals:2)
  5 orc sorcerers
  6 cyclopes
  A jorogumo skeleton (Crypt:1)
  A stone giant zombie (Crypt:2)
  A sphinx skeleton (Depths:1)
  27 wolf spiders
  22 manticores
  5 salamanders
  6 water nymphs
  5 elephants (Lair:2)
  22 moths of wrath
  Joseph (D:8)
  15 merfolk sirens
  14 vault sentinels
  3 molten gargoyles (Lair:6)
  4 dire elephant zombies
  6 guardian serpents
  4 ice statues
  21 black mambas
  3 smoke demons
  An alligator snapping turtle zombie (Crypt:3)
  A gargoyle (D:12)
  7 naga magi
  An eye of devastation (Zig:7)
  A minotaur zombie (Crypt:1)
  3 orange demons (Depths:2)
  10 demonic crawlers
  2 torpor snails (Spider:3)
  9 cane toads
  A human zombie (Vaults:2)
  A torpor snail (shapeshifter) (Depths:4)
  3 centaur skeletons (D:15)
  2 kobold demonologists (D:14)
  12 komodo dragons
  14 freezing wraiths
  5 rime drakes
  2 unseen horrors
  4 efreet
  A komodo dragon (shapeshifter) (D:14)
  3 tengu conjurers
  A yellow draconian skeleton (Crypt:2)
  A human skeleton (Vaults:2)
  11 yaktaurs
  3 ice devils
  A troll (shapeshifter) (Depths:3)
  13 guardian mummies
  A merfolk (shapeshifter) (Vaults:4)
  2 harpy zombies
  12 meliai
  4 polar bears
  A queen bee (Spider:1)
  4 trolls
  30 merfolk
  28 tarantellas
  An iron troll skeleton (Crypt:2)
  17 wind drakes
  21 slime creatures
  Prince Ribbit (D:6)
  6 tyrant leeches (Spider:2)
  8 hornets
  38 blink frogs
  A slime creature (shapeshifter) (Vaults:5)
  A meliai zombie (D:11)
  9 dream sheep
  38 jumping spiders
  14 snapping turtles
  2 ettin zombies
  A stone giant simulacrum (Vaults:2)
  A fire dragon skeleton (Crypt:2)
  24 flying skulls
  2 centaur simulacra
  2 shadows
  A black mamba zombie (Crypt:3)
  10 wraiths
  20 culicivoras
  2 vampires (D:11)
  A spriggan (Depths:4)
  9 wyverns
  An air elemental (Elf:2)
  A human (shapeshifter) (Elf:1)
  20 water elementals
  2 ushabtiu
  2 hogs (Lair:5)
  3 large abominations
  34 yaks
  13 vampire mosquitoes
  A neqoxec (Depths:2)
  45 redbacks
  6 steam dragons
  10 basilisks
  3 fire elementals (Elf:2)
  A chaos spawn (Zig:12)
  Edmund (D:5)
  Menkaure (D:6)
  8 wargs
  An acid dragon (D:14)
  2 nagas (Zig:11)
  A swamp worm (shapeshifter) (Depths:2)
  13 water moccasins
  A naga zombie (Crypt:3)
  A floating eye (Depths:3)
  A hornet zombie (D:5)
  A merfolk skeleton (Crypt:1)
  4 hell hounds (Lair:6)
  An ice beast (D:7)
  38 orc warriors
  4 black bears
  An ettin simulacrum (Depths:3)
  10 ogres
  4 boggarts
  25 wolves
  19 necrophages
  5 centaurs
  A lindwurm skeleton (Crypt:1)
  4 lemures (D:3)
  A phantom (Crypt:3)
  8 kobold brigands
  A rime drake skeleton (Crypt:1)
  5 elf zombies
  A gnoll sergeant (D:13)
  10 bullfrogs
  4 earth elementals
  3 scorpions (Lair:2)
  9 wyvern skeletons (Crypt:3)
  2 water moccasin skeletons
  A shapeshifter zombie (Crypt:2)
  29 killer bees
  9 wights
  A howler monkey (D:10)
  A spriggan skeleton (Crypt:2)
  3 electric eels
  A crimson imp (D:7)
  5 lava snakes (Lair:6)
  6 centaur zombies
  4 hounds
  3 jellies
  A gnoll shaman (D:10)
  16 orc priests
  3 iguanas
  A bullfrog skeleton (D:5)
  Natasha (thrice) (D:2)
  17 orc wizards
  A scorpion zombie (D:5)
  A deep dwarf skeleton (Crypt:2)
  A hound zombie (D:5)
  13 mummies
  A howler monkey zombie (D:9)
  6 gnolls
  A howler monkey skeleton (D:5)
  2 river rats
  13 adders
  A shadow imp (D:6)
  3 white imps
  2 ufetubi (D:7)
  An adder skeleton (D:5)
  9 worms
  2 dart slugs
  82 orcs
  5 bats
  11 endoplasms
  5 giant cockroaches
  5 goblins
  6 hobgoblins
  4 jackals (D:2)
  11 kobolds
  4 quokkas
  11 ball pythons
  4 frilled lizards
  6 rats
  6 ball lightnings (Zig:12)
  A plant (Shoals:4)
  4 starspawn tentacles (Zig:7)
  A withered plant (Crypt:3)
2455 creatures vanquished.

Vanquished Creatures (others)
  A cacodemon (Zig:12)
  A vault warden (Vaults:5)
  A deep elf elementalist (Elf:3)
  A demonspawn corrupter (Zig:12)
  A demonspawn blood saint (Zig:12)
  A reaper (Zig:12)
  A war gargoyle (Vaults:5)
  A lorocyproca (Zig:12)
  A deep elf knight (Elf:2)
  A deep troll (Depths:2)
  A shadow demon (Zig:12)
  A phantasmal warrior (Crypt:1)
  2 deep elf zephyrmancers (Elf:3)
  A tormentor (Zig:12)
  2 water elementals
  A wyvern (Lair:6)
  A redback (Spider:4)
  4 ettin simulacra (Depths:3)
  A bush (Lair:3)
  42 fungi
  235 plants
  6 starspawn tentacles (Zig:7)
  38 withered plants (Crypt:3)
345 creatures vanquished.

Grand Total: 2800 creatures vanquished

Notes
Turn   | Place    | Note
-------+----------+-------------------------------------------
     0 | D:1      | frimble the Demonspawn Warper began the quest for the Orb.
     0 | D:1      | Reached XP level 1. HP: 16/16 MP: 3/3
   303 | D:1      | Gained mutation: You have large cloven feet. [demonic
                  | ancestry]
   303 | D:1      | Reached XP level 2. HP: 7/22 MP: 5/5
  1393 | D:2      | Gained mutation: You are partially covered in razor-sharp
                  | scales. (AC +1, Slay +1) [demonic ancestry]
  1393 | D:2      | Reached XP level 3. HP: 27/27 MP: 6/6
  1902 | D:2      | Noticed Natasha
  1911 | D:2      | Learned a level 2 spell: Blink
  2063 | D:3      | Found a shadowy altar of Dithmenos.
  2114 | D:3      | Found Koag Dec's Distillery.
  2162 | D:3      | Gained mutation: You regenerate a little health from kills.
                  | [demonic ancestry]
  2162 | D:3      | Reached XP level 4. HP: 33/33 MP: 7/7
  2288 | D:3      | Found a glowing drain.
  2292 | Sewer    | Entered a sewer
  2624 | Sewer    | Noticed a kobold brigand
  2655 | Sewer    | Killed a kobold brigand
  2656 | Sewer    | Gained mutation: You have hoof-like feet. [demonic
                  | ancestry]
  2656 | Sewer    | Reached XP level 5. HP: 26/41 MP: 8/8
  3040 | Sewer    | Gained mutation: You regenerate health from kills. [demonic
                  | ancestry]
  3040 | Sewer    | Reached XP level 6. HP: 27/48 MP: 9/9
  4241 | D:3      | Found a faded altar of an unknown god.
  4269 | D:3      | Found a blossoming altar of Fedhas.
  4269 | D:3      | Found an ornate altar of the Wu Jian Council.
  4471 | D:2      | Killed Natasha
  4600 | D:2      | Found a shadowy altar of Dithmenos.
  4771 | D:2      | Noticed Natasha
  4785 | D:2      | Killed Natasha
  4786 | D:2      | Reached skill level 5 in Short Blades
  4915 | D:2      | Noticed Natasha
  4922 | D:2      | Killed Natasha
  4923 | D:2      | Gained mutation: You may rarely emit foul miasma when
                  | damaged in melee. [demonic ancestry]
  4923 | D:2      | Reached XP level 7. HP: 49/55 MP: 10/10
  5284 | D:4      | Noticed a steam dragon
  5293 | D:4      | Killed a steam dragon
  5294 | D:4      | Reached skill level 5 in Fighting
  5434 | D:4      | Identified the +2 pair of gloves "Leygay" {rPois Will+
                  | Str+3 Slay+2}
  5523 | D:4      | Noticed Pikel
  5813 | D:4      | Killed Pikel
  5814 | D:4      | Reached XP level 8. HP: 58/65 MP: 11/11
  6123 | D:4      | Found a runed translucent door.
  6123 | D:4      | Noticed hito's ghost (amateur GnWn)
  6516 | D:5      | Entered Level 5 of the Dungeon
  7270 | D:5      | Noticed Edmund
  7285 | D:5      | Killed Edmund
  7393 | D:5      | Reached XP level 9. HP: 74/74 MP: 12/12
  7767 | D:5      | Found a hide-covered altar of Uskayaw.
  7768 | D:5      | Noticed a +0 hand axe
  7768 | D:5      | Noticed a +0 dagger
  7844 | D:6      | Noticed Menkaure
  7847 | D:6      | Killed Menkaure
  7848 | D:6      | Reached skill level 1 in Stealth
  7848 | D:6      | Reached skill level 1 in Evocations
  8346 | D:6      | Noticed Prince Ribbit
  8356 | D:6      | Killed Prince Ribbit
  9188 | D:7      | Found a staircase to the Ecumenical Temple.
  9851 | Temple   | Entered the Ecumenical Temple
  9897 | Temple   | Became a worshipper of Cheibriados the Contemplative
 10022 | D:8      | Noticed a two-headed ogre
 10036 | D:8      | Killed a two-headed ogre
 10037 | D:8      | Reached skill level 1 in Long Blades
 10037 | D:8      | Gained mutation: You have hooves in place of feet. [demonic
                  | ancestry]
 10037 | D:8      | Reached XP level 10. HP: 12/80 MP: 11/13
 10469 | D:8      | Noticed Joseph
 10818 | D:8      | Reached skill level 1 in Throwing
 10819 | D:8      | Identified the +3 leather armour of Qoibb {Int+2 Dex+8}
 11293 | D:8      | Killed Joseph
 11294 | D:8      | Reached skill level 5 in Stealth
 11294 | D:8      | Reached skill level 5 in Evocations
 11879 | D:9      | Learned a level 3 spell: Ignite Poison
 12001 | D:9      | Reached skill level 1 in Fire Magic
 12001 | D:9      | Reached skill level 1 in Poison Magic
 12004 | D:9      | Reached skill level 1 in Transmutations
 12004 | D:9      | Noticed Erolcha
 12017 | D:9      | Killed Erolcha
 12025 | D:9      | Reached * piety under Cheibriados
 12107 | D:9      | Identified the -4 helmet of Hadjma {rPois rC+ Str-2 Dex+5}
 12154 | D:9      | Found a staircase to the Orcish Mines.
 12289 | D:9      | Noticed a red ugly thing
 12292 | D:9      | Killed a red ugly thing
 12430 | D:9      | Reached XP level 11. HP: 86/86 MP: 14/14
 12457 | D:9      | Noticed Harold
 12471 | D:9      | Killed Harold
 12803 | D:10     | Entered Level 10 of the Dungeon
 12818 | D:10     | Noticed an orange crystal statue
 13242 | D:11     | Noticed a two-headed ogre
 13252 | D:11     | Killed a two-headed ogre
 13253 | D:11     | Reached skill level 10 in Short Blades
 13442 | D:11     | Reached ** piety under Cheibriados
 13453 | D:11     | Reached skill level 5 in Translocations
 13453 | D:11     | Reached skill level 1 in Invocations
 13503 | D:11     | Noticed a two-headed ogre
 13609 | D:11     | Found a staircase to the Lair.
 14793 | D:12     | Reached *** piety under Cheibriados
 14797 | D:12     | Reached skill level 5 in Invocations
 14808 | D:12     | Noticed a skeletal warrior
 14875 | D:12     | Noticed a boulder beetle
 14884 | D:12     | Killed a boulder beetle
 15002 | D:12     | Killed a skeletal warrior
 15059 | Lair:1   | Entered Level 1 of the Lair of Beasts
 15079 | Lair:1   | Reached XP level 12. HP: 32/92 MP: 16/16
 15488 | Lair:1   | Noticed a six-headed hydra
 15525 | Lair:2   | Noticed a seven-headed hydra
 15552 | Lair:2   | Reached skill level 5 in Transmutations
 15818 | Lair:2   | Found a hole to the Spider Nest.
 15920 | Lair:2   | Noticed a five-headed hydra
 15935 | Lair:2   | Killed a five-headed hydra
 15945 | Lair:2   | Killed a seven-headed hydra
 15945 | Lair:2   | Reached **** piety under Cheibriados
 16211 | Lair:2   | Noticed Nergalle
 16250 | Lair:1   | Killed a six-headed hydra
 16881 | Lair:2   | Killed Nergalle
 17016 | Lair:2   | Reached skill level 5 in Throwing
 17464 | Lair:2   | Reached skill level 5 in Dodging
 17486 | Lair:2   | Reached skill level 5 in Fire Magic
 17913 | Lair:3   | Noticed a catoblepas
 17915 | Lair:3   | Killed a catoblepas
 17982 | Lair:3   | Reached XP level 13. HP: 95/98 MP: 17/17
 18571 | Lair:3   | Reached ***** piety under Cheibriados
 18663 | Lair:3   | Found a staircase to the Shoals.
 18674 | Lair:3   | Reached skill level 5 in Long Blades
 20543 | Lair:4   | Reached XP level 14. HP: 108/108 MP: 15/20
 20910 | Lair:5   | Noticed Kirke
 20916 | Lair:5   | Reached ****** piety under Cheibriados
 20926 | Lair:5   | Killed Kirke
 21065 | Lair:5   | Noticed Nessos
 21079 | Lair:5   | Killed Nessos
 21696 | Lair:6   | Entered Level 6 of the Lair of Beasts
 21696 | Lair:6   | Noticed an acid blob
 21696 | Lair:6   | Noticed an acid blob
 21696 | Lair:6   | Noticed an acid blob
 21696 | Lair:6   | Found a runed translucent door.
 21696 | Lair:6   | Found a viscous altar of Jiyva.
 21697 | Lair:6   | Found a staircase to the Slime Pits.
 21924 | Lair:6   | Reached skill level 10 in Fighting
 22027 | Lair:6   | Reached skill level 10 in Dodging
 22151 | Lair:6   | Reached skill level 10 in Invocations
 22317 | Lair:6   | Found a large runed translucent door.
 22317 | Lair:6   | Found a large runed translucent door.
 22536 | Lair:6   | Noticed Sonja
 22546 | Lair:6   | Killed Sonja
 22660 | Lair:6   | Identified the +8 war axe "Maerphost" {freeze, rElec Will+
                  | SInv Stlth+}
 23824 | D:12     | Found a transporter.
 23836 | D:12     | Noticed rogsnak's ghost (journeyman DsAE)
 23851 | D:12     | Found a transporter.
 23899 | D:12     | Noticed an angel
 24170 | D:12     | You fall into a shaft and drop 3 floors!
 24170 | D:15     | Entered Level 15 of the Dungeon
 24503 | D:15     | Found Vereco's Antique Armour Boutique.
 24591 | D:15     | Reached XP level 15. HP: 117/117 MP: 23/23
 24599 | D:15     | Found a staircase to the Depths.
 25371 | D:14     | Found Rexusoqe's Jewellery Emporium.
 25750 | D:14     | Found an iron altar of Okawaru.
 26353 | D:13     | Found a gate to the Vaults.
 26420 | D:13     | Identified the +1 ring mail of Brilliance {rElec Str+5}
 26454 | D:13     | Identified a scroll of acquirement
 26454 | D:13     | Acquired the ring "Zarucap" {rF+ rC++ rN+ rCorr Dex-2}
 27069 | Orc:1    | Entered Level 1 of the Orcish Mines
 27069 | Orc:1    | Found Munej Fyi's Magic Scroll Boutique.
 27115 | Orc:1    | Found Temugelu's Distillery.
 27161 | Orc:1    | Bought a scroll of blinking for 127 gold pieces
 27161 | Orc:1    | Bought a scroll of teleportation for 51 gold pieces
 27161 | Orc:1    | Bought a scroll of enchant armour for 127 gold pieces
 27354 | Orc:1    | Found Cufugg's Magic Scroll Emporium.
 27362 | Orc:1    | Bought a scroll of blinking for 127 gold pieces
 27362 | Orc:1    | Bought a scroll of teleportation for 51 gold pieces
 27362 | Orc:1    | Bought a scroll of teleportation for 51 gold pieces
 27362 | Orc:1    | Bought a scroll of immolation for 59 gold pieces
 27403 | Orc:1    | Found Motoz's Jewellery Emporium.
 27427 | Orc:1    | Bought an amulet of regeneration for 360 gold pieces
 27541 | Orc:2    | Entered Level 2 of the Orcish Mines
 27700 | Orc:2    | Found a staircase to the Elven Halls.
 27802 | Orc:2    | Noticed an orc warlord
 27822 | Orc:2    | Killed an orc warlord
 27823 | Orc:2    | Reached skill level 10 in Evocations
 27879 | Orc:2    | Found Sumaamoa's Antique Armour Shop.
 27881 | Orc:2    | Found Muessut's Antique Weapon Boutique.
 28231 | Orc:2    | Found Vawieq's Antique Armour Emporium.
 28480 | Orc:2    | Found Xifoiluk's Weapon Shop.
 28835 | Spider:1 | Entered Level 1 of the Spider Nest
 28845 | Spider:1 | Noticed an emperor scorpion
 28873 | Spider:1 | Killed an emperor scorpion
 28897 | Spider:1 | Reached skill level 1 in Shields
 29070 | Spider:1 | Gained mutation: You are mostly covered in razor-sharp
                  | scales. (AC +2, Slay +2) [demonic ancestry]
 29070 | Spider:1 | Reached XP level 16. HP: 127/127 MP: 25/25
 29293 | Spider:1 | Reached skill level 10 in Long Blades
 29580 | Spider:2 | Found the amulet of the Four Winds {rN+ Will+++ Clar}
 29636 | Spider:2 | Noticed Agnes
 29649 | Spider:2 | Killed Agnes
 29860 | Spider:2 | Reached skill level 5 in Shields
 30049 | Spider:2 | Identified the ring "Ceneh" {Wiz +Blink rF+ Int+4 Stlth+}
 30752 | Spider:3 | Got Paanona's Arcane Arts Continued
 31049 | Spider:4 | Entered Level 4 of the Spider Nest
 31099 | Spider:4 | HP: 5/127 [disintegration (41)]
 31447 | Spider:4 | Gained mutation: You sometimes emit foul miasma when
                  | damaged in melee. [demonic ancestry]
 31447 | Spider:4 | Reached XP level 17. HP: 132/133 MP: 17/26
 31779 | Spider:4 | Reached skill level 10 in Shields
 32617 | Spider:4 | Got a gossamer rune of Zot
 33007 | Elf:1    | Entered Level 1 of the Elven Halls
 33131 | Elf:1    | Reached XP level 18. HP: 53/140 MP: 19/27
 33575 | Elf:1    | Found Xuliuz's Jewellery Emporium.
 33621 | Elf:1    | Found Cocuvosig's Neck Hole.
 34006 | Elf:1    | Got Gloorx Vloq's Compendium of Darkness
 34155 | Elf:2    | Identified the ring "Xigaris" {+Blink rC+ rN+ Stlth+}
 34168 | Elf:2    | Identified the +2 chain mail of Negation {*Slow rCorr
                  | Dex+8}
 34236 | Elf:2    | Found a runed translucent gate.
 34236 | Elf:2    | Found a runed translucent gate.
 34236 | Elf:2    | Found a runed translucent gate.
 34370 | Elf:2    | Noticed an Ice Fiend
 34574 | Elf:2    | Paralysed by an air elemental for 1 turns
 34608 | Elf:2    | Identified the +1 leather armour of Midsummer {Str+6 Int-5}
 35328 | Elf:2    | Reached skill level 15 in Shields
 35482 | Elf:3    | Entered Level 3 of the Elven Halls
 35494 | Elf:3    | Gained mutation: You are completely covered in razor-sharp
                  | scales. (AC +3, Slay +3) [demonic ancestry]
 35494 | Elf:3    | Reached XP level 19. HP: 146/146 MP: 28/28
 35893 | Elf:3    | Noticed Aizul
 35904 | Elf:3    | Killed Aizul
 36256 | Elf:3    | Found the +7 Singing Sword {vorpal, sonic wave}
 36472 | Elf:3    | Identified the +5 dagger "Fusk" {spect, rElec rPois Str-5
                  | Int-4 Dex+10}
 36474 | Elf:3    | Got Lyiwn's Almanac of Warped Fire
 36475 | Elf:3    | Identified the ring of Reimbursement {Fly Str+6 Dex+4
                  | Stlth+}
 36481 | Elf:3    | Identified the ring of the Grey Skies {rF+ rC+ rCorr
                  | Slay+3}
 36495 | Elf:3    | Got the Incunabulum of Flight and Ice
 36509 | Elf:3    | Identified the +5 great sword "Kamiesm" {spect, rPois Will+
                  | Int+5 Dex-2}
 37262 | Shoals:1 | Entered Level 1 of the Shoals
 38701 | Shoals:2 | Noticed Roxanne
 39148 | Shoals:3 | Found Vennosyd's Jewellery Shop.
 39389 | Shoals:4 | Entered Level 4 of the Shoals
 39389 | Shoals:4 | Found Izxeunux's Book Emporium.
 39490 | Shoals:2 | Killed Roxanne
 39500 | Shoals:2 | Learned a level 6 spell: Statue Form
 39543 | Shoals:4 | Found Acufaixt's Weapon Boutique.
 39588 | Shoals:4 | Found Xaoxyfiph's Assorted Antiques.
 39609 | Shoals:4 | Reached skill level 1 in Earth Magic
 39610 | Shoals:4 | Identified the +7 broad axe of Subjectivity {vorpal,
                  | Fragile Dex+5}
 39655 | Shoals:4 | Bought a crude chain mail for 266 gold pieces
 39655 | Shoals:4 | Identified the +0 chain mail "Ofusy" {Dex+4 SInv Stlth+}
                  | (You bought it in a shop on level 4 of the Shoals)
 39755 | Shoals:4 | Gained mutation: Your magical and physical power is
                  | slightly enhanced at high health. [demonic ancestry]
 39755 | Shoals:4 | Reached XP level 20. HP: 126/156 MP: 20/30
 40085 | Shoals:4 | Bought a manual of Throwing for 1040 gold pieces
 40085 | Shoals:4 | Bought a Necronomicon for 728 gold pieces
 40283 | Shoals:4 | Found Cefyllu's Weapon Shop.
 40468 | Shoals:4 | Got a barnacled rune of Zot
 40884 | Vaults:1 | Entered Level 1 of the Vaults
 40884 | Vaults:1 | Found Nateypt's General Store.
 41043 | Vaults:1 | Noticed Donald
 41059 | Vaults:1 | Killed Donald
 41551 | Vaults:1 | Identified the +2 robe of Guurgh {Str+3 Stlth+}
 41913 | Vaults:1 | Reached skill level 5 in Earth Magic
 42071 | Vaults:2 | Identified the +1 chain mail "Cymuy" {rF+ Stlth+}
 42212 | Vaults:2 | Acquired 681 gold pieces
 42585 | Vaults:2 | Gained mutation: You regenerate a lot of health from kills.
                  | [demonic ancestry]
 42585 | Vaults:2 | Reached XP level 21. HP: 166/166 MP: 31/31
 42655 | Vaults:2 | Found a staircase to the Crypt.
 44131 | Vaults:4 | Reached skill level 10 in Throwing
 44200 | Vaults:4 | Reached skill level 10 in Transmutations
 45201 | Vaults:4 | Found Hofod Libo's Antique Armour Emporium.
 45350 | Vaults:5 | Entered Level 5 of the Vaults
 45381 | Vaults:5 | Noticed a dread lich
 45396 | Vaults:5 | Killed a dread lich
 45398 | Vaults:5 | Gained mutation: Your magical and physical power is
                  | enhanced at high health. [demonic ancestry]
 45398 | Vaults:5 | Reached XP level 22. HP: 173/173 MP: 32/32
 45411 | Vaults:5 | Reached skill level 10 in Earth Magic
 45449 | Vaults:5 | Identified the +2 leather armour of the Forest {rN++ Regen+
                  | rCorr}
 45449 | Vaults:5 | Identified the +9 shortbow of the Kidney {freeze, Str+2}
 45473 | Vaults:5 | Noticed an ancient lich
 45475 | Vaults:5 | Noticed an ancient lich
 45478 | Vaults:5 | Killed an ancient lich
 45486 | Vaults:5 | Killed an ancient lich
 45508 | Vaults:5 | Learned a level 8 spell: Necromutation
 45541 | Vaults:5 | Reached skill level 1 in Necromancy
 45656 | Vaults:5 | Identified the ring "Oxoxt" {Drain rC+ Str+4 Int+4}
 45686 | Vaults:5 | Got a silver rune of Zot
 45752 | Vaults:5 | Identified the +6 hand axe of the Desert {drain, rElec
                  | Dex+4}
 45752 | Vaults:5 | Identified the ring of Ycwigg {Wiz *Slow rF++}
 46051 | Vaults:5 | Found Uhosarr's Book Boutique.
 46052 | Vaults:5 | Found Tysaim's Distillery.
 46052 | Vaults:5 | Found Vepho's Antique Armour Shoppe.
 46056 | Vaults:5 | Bought a potion of magic for 120 gold pieces
 46056 | Vaults:5 | Bought a potion of resistance for 150 gold pieces
 46056 | Vaults:5 | Bought a potion of brilliance for 60 gold pieces
 46056 | Vaults:5 | Bought a potion of berserk rage for 75 gold pieces
 46093 | Vaults:5 | Found Pohet's Jewellery Shoppe.
 46234 | Vaults:5 | Found the +3 pair of seven-league boots {Rampage+∞}
 46538 | Crypt:1  | Entered Level 1 of the Crypt
 46568 | Crypt:1  | Noticed Sojobo
 46578 | Crypt:1  | Killed Sojobo
 46755 | Crypt:1  | Noticed Frederick
 46766 | Crypt:1  | Killed Frederick
 46767 | Crypt:1  | Reached skill level 15 in Fighting
 47286 | Crypt:2  | Reached skill level 5 in Necromancy
 47292 | Crypt:2  | Gained mutation: Your magical and physical power is greatly
                  | enhanced at high health. [demonic ancestry]
 47292 | Crypt:2  | Reached XP level 23. HP: 181/181 MP: 29/33
 47348 | Crypt:2  | Noticed Saint Roka
 47363 | Crypt:2  | Killed Saint Roka
 48267 | Crypt:3  | Entered Level 3 of the Crypt
 48276 | Crypt:3  | Noticed Bai Suzhen
 48281 | Crypt:3  | Killed Bai Suzhen
 48666 | Crypt:3  | Found a basalt altar of Yredelemnul.
 48926 | Crypt:3  | Identified the ring of Hapliuv {rN+ SInv}
 49151 | Crypt:3  | Found a staircase to the Tomb.
 49325 | Crypt:3  | Found the +13 scythe of Curses {drain, Drain}
 49356 | Crypt:3  | Identified the ring "Suwygg" {rN+ Will- Int+3 Dex+3}
 49356 | Crypt:3  | Identified the ring "Xaesips" {rN+ Dex-4 Slay+4}
 49448 | Crypt:3  | Noticed Mennas
 49485 | Crypt:3  | Killed Mennas
 49777 | Crypt:3  | Got Jienel's First Steps in Theurgy
 49879 | Tomb:1   | Entered Level 1 of the Tomb of the Ancients
 50122 | Tomb:1   | Reached skill level 15 in Transmutations
 50125 | Tomb:1   | Reached skill level 10 in Necromancy
 50282 | Tomb:1   | Noticed a royal mummy
 50289 | Tomb:1   | Killed a royal mummy
 50769 | Depths:1 | Entered Level 1 of the Depths
 50784 | Depths:1 | Found a gateway to Hell.
 50784 | Depths:1 | Noticed Margery
 50791 | Depths:1 | Killed Margery
 50797 | Depths:1 | Reached XP level 24. HP: 195/195 MP: 31/33
 50882 | Depths:1 | Found a one-way gate leading to the halls of Pandemonium.
 50964 | Depths:1 | Found a one-way gateway to a ziggurat.
 51427 | Depths:1 | You fall into a shaft and drop 1 floor!
 51953 | Depths:2 | Reached skill level 15 in Necromancy
 52371 | Depths:3 | Paralysed by a floating eye for 4 turns
 52465 | Depths:3 | Found a hide-covered altar of Uskayaw.
 52512 | Depths:3 | Identified the +0 helmet of Starshine {rN+ Will+}
 52855 | Depths:3 | Reached XP level 25. HP: 192/201 MP: 33/33
 53120 | Depths:3 | Found an ancient bone altar of Kikubaaqudgha.
 53250 | Depths:3 | Found a sacrificial altar of Ru.
 53252 | Depths:3 | Found a one-way gate to the infinite horrors of the Abyss.
 53371 | Depths:3 | Identified the +8 longbow "Kaphedej" {flame, rC+ Int+2}
 53426 | Depths:3 | Found a shadowy altar of Dithmenos.
 53533 | Depths:4 | Entered Level 4 of the Depths
 53647 | Depths:4 | Reached skill level 5 in Spellcasting
 53668 | Depths:4 | Found Heqoenorch's Book Boutique.
 53668 | Depths:4 | Found Jopas's Jewellery Emporium.
 53668 | Depths:4 | Found Xagam's Book Boutique.
 53839 | Depths:4 | Bought a book of Cantrips for 192 gold pieces
 53853 | Depths:4 | Found a gate to the Realm of Zot.
 54416 | Zot:1    | Entered Level 1 of the Realm of Zot
 54581 | Zot:1    | Reached skill level 10 in Spellcasting
 55345 | Zot:2    | Found the +2 Maxwell's thermic engine {flame, freeze}
 55420 | Zot:2    | Noticed a Killer Klown
 55426 | Zot:2    | Killed a Killer Klown
 55584 | Zot:2    | Reached XP level 26. HP: 185/210 MP: 38/38
 56205 | Zot:3    | Noticed an orb of fire
 56205 | Zot:3    | Gained mutation: You are occasionally teleported next to
                  | monsters. [an orb of fire]
 56214 | Zot:3    | Killed an orb of fire
 56520 | Zot:3    | Noticed an orb of fire
 56531 | Zot:3    | Killed an orb of fire
 57493 | Zot:4    | Learned a level 1 spell: Apportation
 57535 | Zot:5    | Entered Level 5 of the Realm of Zot
 57940 | Zig:1    | Entered Level 1 of a ziggurat
 57957 | Zig:2    | Entered Level 2 of a ziggurat
 57981 | Zig:3    | Entered Level 3 of a ziggurat
 58007 | Zig:4    | Entered Level 4 of a ziggurat
 58012 | Zig:4    | Noticed Hyjioci the pandemonium lord
 58021 | Zig:4    | Killed Hyjioci the pandemonium lord
 58037 | Zig:4    | Identified the ring "Rimmoboo" {Fly Will+ Int+4}
 58040 | Zig:4    | Identified the +4 chain mail of Disappointment {rC+}
 58045 | Zig:4    | Gained mutation: You frequently emit foul miasma when
                  | damaged in melee. [demonic ancestry]
 58045 | Zig:4    | Reached XP level 27. HP: 222/222 MP: 41/41
 58048 | Zig:5    | Entered Level 5 of a ziggurat
 58131 | Zig:6    | Entered Level 6 of a ziggurat
 58229 | Zig:6    | Lost mutation: You are occasionally teleported next to
                  | monsters. [potion of mutation]
 58229 | Zig:6    | Gained mutation: You are weak. (Str -2) [potion of
                  | mutation]
 58235 | Zig:7    | Entered Level 7 of a ziggurat
 58281 | Zig:7    | Identified the +1 kite shield of Plasticity {*Corrode
                  | Regen+ Int+7 Slay-2 Stlth+}
 58285 | Zig:7    | Identified the +10 rapier of Guile {elec, rElec rCorr}
 58290 | Zig:8    | Entered Level 8 of a ziggurat
 58300 | Zig:8    | Noticed a royal mummy
 58316 | Zig:8    | Killed a royal mummy
 58362 | Zig:8    | Found the +10 morningstar "Eos" {elec, Halo rElec}
 58368 | Zig:8    | Identified the ring "Kaap" {Ice Str+8}
 58412 | Zig:9    | Entered Level 9 of a ziggurat
 58507 | Zig:9    | Got Doh Zaeqe's Papyrus of Snow and Battle Magic
 58523 | Zig:10   | Entered Level 10 of a ziggurat
 58599 | Zig:11   | Entered Level 11 of a ziggurat
 58654 | Zig:11   | Got Arumahot's Papyrus of Flying Earth
 58690 | Zig:12   | Entered Level 12 of a ziggurat
 58706 | Zig:12   | Noticed Ikhlor the pandemonium lord
 58718 | Zig:12   | HP: 3/224 [Tzitzimitl/dispel undead (51)]
 58719 | Zig:12   | Killed from afar by a Tzitzimitl

Illustrated notes

Levels and vault maps discovered:
D:1:      minmay_arrival_plants_in_alcoves, layout_loops_ring
D:2:      layout_basic, basic_altar, uniq_natasha
D:3:      layout_loops_ring, gammafunk_temple_overflow_elements,
          old_standard_altar, serial_shops, nicolae_square_shop,
          gup_sewer_entry_spiral, shapermc_ecumenical_altar_acropolis
D:4:      layout_loops_ring, hellmonk_ghost_happy_afterlife, serial_rivers,
          chequers_serial_rivers_marsh, chequers_serial_rivers_small_3,
          chequers_serial_rivers_large_a, chequers_serial_rivers_large_b,
          chequers_serial_rivers_room_a, uniq_pikel
D:5:      minmay_angry_zag, layout_basic, dancing_weapons_uskayaw, minmay_puff,
          uniq_edmund
D:6:      layout_loops_ring, uniq_prince_ribbit1, uniq_menkaure
D:7:      layout_loops_corners, minmay_temple_entry_drinking_statues,
          minmay_fire_ice_demons
D:8:      kennysheep_blocky_hall, layout_loops_corners,
          hangedman_decor_diamond_cutter, columned_hall_lemuel,
          minmay_crossroads, uniq_joseph
D:9:      layout_loops_ring, orc_0_dummy, uniq_harold, uniq_erolcha
D:10:     layout_layer_cave, st_stairs_1, disabler_island
D:11:     layout_cave_pools, david_lair_shrubbed, kennysheep_another_room,
          grunt_decor_fettered
D:12:     minmay_s_stair_smasher, layout_stronghold, gammafunk_ghost_stat_death,
          zin_angel
D:13:     layout_cave_pools, erik_vaults_1
D:14:     layout_cave_pools, serial_shops, nicolae_lakefront_shop,
          nicolae_concentric_dashed_squares_mild, okawaru_altar_gauntlet_db
D:15:     grunt_enter_depths_magical_seal, layout_basic, serial_shops, shop,
          grunt_decor_arrowhead, minmay_between
Temple:   mainiacjoe_temple_coin_purse
Lair:1:   layout_chaotic_city, portal_ice_cave_rime, gammafunk_lair_bear_cave
Lair:2:   layout_misc_corridors, nicolae_spider_entry_non_spiders, uniq_nergalle
Lair:3:   layout_roguey, elwin_shoals_entry_stream, minmay_holes,
          grunt_megastairs_3, lemuel_fruit_tree, serial_bayou_shore_b
Lair:4:   layout_regular_city, nicolae_lair_lakeside_cave
Lair:5:   layout_cellular_growth, uniq_nessos, uniq_kirke
Lair:6:   cheibrodos_lair_end_hotspot, layout_long_grid, slime_altar_2,
          uniq_sonja
Shoals:1: layout_shoals, nicolae_shoals_wave_tunnel
Shoals:2: cheibrodos_shoals_roost, layout_shoals, uniq_roxanne
Shoals:3: layout_shoals, serial_shops, nicolae_shop_hallway_stairs
Shoals:4: shoals_end_simple, layout_shoals, serial_shops,
          nicolae_shop_waterfront, shop, shop, nicolae_shop_overgrown_old_shop,
          nicolae_shoals_secluded_bog
Spider:1: layout_spider_delve, special_room [special_room_bee]
Spider:2: layout_spider_delve, drop_trap, nicolae_spider_swamp_cousins,
          uniq_agnes
Spider:3: layout_spider_delve, nicolae_spider_eight_legs,
          nicolae_spider_cling_halls
Spider:4: spider_rune_water
Orc:1:    layout_caves, serial_shops, shop, nicolae_shop_statue_plus, shop,
          shop, lemuel_statue_altar
Orc:2:    grunt_orc_community_town_hall, layout_diamond_mine,
          grunt_orc_community_big_house_2, grunt_orc_community_big_house_1,
          grunt_orc_community_house_2, grunt_orc_community_house_3,
          grunt_orc_community_house_1, grunt_orc_community_house_2
Elf:1:    eino_elf_arrival_customs, layout_loops_ring, serial_shops, shop,
          minmay_elf_necromancy, nicolae_shop_sticking_my_neck_out
Elf:2:    elven_hall_of_blades_hangedman_original
          [nicolae_blade_entry_hurt_lockers], layout_geoelf_octagon
Elf:3:    elf_hall, layout_loops_cross, nicolae_elf_v_pinch,
          nicolae_elf_big_sculpture_2, uniq_aizul
Vaults:1: nicolae_vaults_network_s, v_misc_28, ontoclasm_vaults_ring_small,
          hangedman_vaults_cutoff, nicolae_vaults_rhombus_6,
          hangedman_vaults_pinch, vaults_room_fours,
          nicolae_vaults_inception_corners, nicolae_vaults_circle_grid_a,
          ontoclasm_vaults_ring_square, layout_vaults_maze, serial_glass,
          serial_shops, shop, uniq_donald
Vaults:2: nicolae_vaults_display_case, v_misc_30, v_rooms_5,
          blue_anna_dwarven_crypt, nicolae_vaults_border_crossing,
          hangedman_vaults_trim, vaults_standard_mumra_x, v_rooms_4,
          nicolae_vaults_shelves_hall, layout_vaults_big_room
Vaults:3: nicolae_vaults_twisting_passages, layout_vaults_omnigrid
Vaults:4: nicolae_vaults_little_squares_5, nicolae_vaults_network_periphery,
          st_octagons_2, v_rooms_3, hangedman_vaults_cutoff,
          grunt_vaults_funnel, ontoclasm_vaults_loading_screen,
          nicolae_vaults_theta, ontoclasm_vaults_twist, vaults_dpeg_ring,
          layout_vaults_omnicross, serial_shops, nicolae_shop_waterfront
Vaults:5
Crypt:1:  layout_gridlike, grunt_crypt_arrival_webbed, grunt_megastairs_1,
          uniq_sojobo, uniq_frederick
Crypt:2:  layout_gridlike, chequers_big_river, uniq_saint_roka
Crypt:3:  evilmike_haunted_forest, uniq_mennas, uniq_bai_suzhen
Tomb:1:   uniq_boris
Depths:1: layout_roguey, enter_ziggurat_f, grunt_metal_band,
          rand_demon_pan_entry_3, nrook_mini_vaults, kennysheep_generic_room_12,
          serial_bayou_shore_b, grunt_megastairs_5
Depths:2: minmay_glassy_protrusions, layout_basic, pf_coc_iceberg,
          rand_demon_pan_entry_4, nicolae_lava_and_water,
          infiniplex_staircase_river
Depths:3: grunt_profane_halls [grunt_profane_temple_coc,
          grunt_profane_temple_geh, grunt_profane_temple_dis,
          grunt_profane_temple_tar, grunt_profane_loot], abyss_entry, hell_entry
Depths:4: grunt_zot_entry_funnels, layout_gridville,
          minmay_misc_feat_four_crosses, abyss_entry, hell_entry,
          minmay_misc_feat_encased, minmay_shop_grove
Zot:1:    kennysheep_six_static_rooms, layout_gridlike, zot_minivault_4
Zot:2:    layout_misc_corridors
Zot:3:    layout_misc_corridors, grunt_megastairs_4
Zot:4:    layout_gridlike
Zot:5:    layout_gridlike, skrybe_zot_glass_2
Zig:12

Skill      XL: |  1  2  3  4  5  6  7  8  9 10 11 12 13 14 15 16 17 18 19 20 21 22 23 24 25 26 27 |
---------------+----------------------------------------------------------------------------------+-----
Short Blades   | 2 3 4 5 6 7 8 9 11 | 11.7
Dodging        | 2 3 6 8 11 13 | 13.0
Fighting       | 3 4 6 8 9 10 12 13 14 15 17 19 20 | 20.1
Stealth        | 4 5 |  5.0
Evocations     | 4 5 7 8 10 11 | 11.1
Long Blades    | 1 3 4 6 8 9 12 14 | 14.3
Throwing       | 2 5 6 8 13 14 | 14.9
Fire Magic     | 2 4 5 |  5.0
Poison Magic   | 3 4 |  4.0
Translocations | 4 5 7 |  7.0
Transmutations | 2 4 6 9 11 13 15 | 15.9
Invocations    | 6 8 11 12 13 | 13.7
Shields        | 2 9 12 15 | 15.1
Earth Magic    | 1 6 9 11 12 | 12.5
Necromancy     | 5 11 18 20 | 20.0
Spellcasting   | 11 14 | 14.9
Armour         | |  0.8

Action                   |  1- 3 |  4- 6 |  7- 9 | 10-12 | 13-15 | 16-18 | 19-21 | 22-24 | 25-27 || total
-------------------------+-------+-------+-------+-------+-------+-------+-------+-------+-------++-------
Melee: Short sword       |   114 |    88 |       |   524 |   633 |       |       |       |       ||  1359
       Kick              |    23 |    53 |   142 |   247 |   483 |   282 |   435 |   445 |   443 ||  2553
       Punch             |       |     1 |    10 |    10 |    21 |     8 |       |       |       ||    50
       Dagger            |       |   141 |   403 |       |       |       |       |       |       ||   544
       Scimitar          |       |       |     6 |    17 |   431 |   717 |    94 |       |       ||  1265
       Double sword      |       |       |       |       |       |       |   958 |  1000 |   866 ||  2824
Throw: Boomerang         |     2 |     3 |       |    32 |       |       |       |       |    12 ||    49
       Dart              |       |    20 |    22 |    43 |    98 |   247 |    75 |    18 |       ||   523
       Javelin           |       |       |       |       |       |       |     4 |       |       ||     4
 Cast: Blink             |     1 |     2 |     5 |    10 |    15 |     8 |    19 |    12 |     6 ||    78
       Ignite Poison     |       |       |       |    14 |    24 |    31 |     9 |       |       ||    78
       Statue Form       |       |       |       |       |       |       |     2 |    27 |    12 ||    41
       Necromutation     |       |       |       |       |       |       |       |       |    11 ||    11
Invok: Slouch            |       |       |       |       |     9 |    24 |    12 |     3 |     4 ||    52
       Step From Time    |       |       |       |       |       |       |     1 |       |     1 ||     2
       Temporal Distorti |       |       |       |       |       |       |       |     1 |       ||     1
 Abil: End Transformatio |       |       |       |       |       |       |       |       |     1 ||     1
Evoke: Wand              |       |       |    12 |    11 |    22 |     4 |    16 |     1 |     1 ||    67
       Phantom mirror    |       |       |       |       |       |       |       |     1 |       ||     1
       Condenser vane    |       |       |       |       |       |       |       |       |     1 ||     1
  Use: Potion            |       |     7 |       |     3 |     1 |     9 |     3 |     1 |     2 ||    26
       Scroll            |       |     1 |     4 |    18 |     8 |     6 |     4 |     1 |       ||    42
 Stab: Distracted        |       |     1 |       |     4 |     1 |     6 |     2 |     2 |     4 ||    20
       Sleeping          |       |       |     6 |    17 |    27 |     9 |    33 |     9 |    10 ||   111
       Confused          |       |       |       |       |       |       |       |       |     1 ||     1
Armor: Leather armour    |    28 |    35 |    16 |   174 |   120 |       |       |       |       ||   373
       Skin              |       |     2 |       |       |       |       |    29 |   268 |   118 ||   417
       Robe              |       |       |    38 |     9 |     5 |       |       |       |       ||    52
       Troll leather arm |       |       |       |       |    95 |   243 |   178 |    90 |   207 ||   813
Dodge: Dodged            |    60 |    82 |   103 |   302 |  1167 |   962 |   754 |   897 |   840 ||  5167
Block: Kite shield       |       |       |       |       |       |   107 |   947 |  1049 |   934 ||  3037
       Reflection        |       |       |       |       |       |       |    28 |    13 |    20 ||    61

Table legend: (Time is in decaauts)
 A = Elapsed time spent in this place.
 B = Non-inter-level travel time spent in this place.
 C = Inter-level travel time spent in this place.
 D = Time resting spent in this place.
 E = Time spent auto-exploring this place.
 F = Levels seen in this place.
 G = Mean time per level.
                   A        B        C        D        E       F      G
               +--------+--------+--------+--------+--------+-----+--------+
         Total |  87135 |  78760 |   8375 |   1504 |  61353 |  66 | 1320.2 |
       Dungeon |  21147 |  18874 |   2273 |    557 |  15664 |  15 | 1409.8 |
        Temple |     60 |     30 |     30 |      0 |     22 |   1 |   60.0 |
          Lair |  12598 |  11257 |   1341 |    431 |   9176 |   6 | 2099.7 |
        Shoals |   5937 |   5309 |    628 |      3 |   3866 |   4 | 1484.2 |
   Spider Nest |   5795 |   5368 |    427 |     64 |   3990 |   4 | 1448.8 |
  Orcish Mines |   3023 |   2714 |    309 |      0 |   2213 |   2 | 1511.5 |
   Elven Halls |   6173 |   5570 |    603 |    114 |   4185 |   3 | 2057.7 |
        Vaults |  10096 |   9032 |   1064 |     92 |   7137 |   5 | 2019.2 |
         Crypt |   6328 |   5657 |    671 |      0 |   4307 |   3 | 2109.3 |
          Tomb |    963 |    745 |    218 |      0 |    524 |   1 |  963.0 |
        Depths |   6680 |   6330 |    350 |     31 |   4607 |   4 | 1670.0 |
           Zot |   5800 |   5343 |    457 |      0 |   4263 |   5 | 1160.0 |
      Ziggurat |   1035 |   1035 |      0 |     24 |    355 |  12 |   86.2 |
         Sewer |   1494 |   1494 |      0 |    187 |   1039 |   1 | 1494.0 |
               +--------+--------+--------+--------+--------+-----+--------+

Top non-repeatable levels by time:
 Crypt:3: 2964 daAuts
    D:12: 2490 daAuts
  Lair:4: 2339 daAuts
  Lair:6: 2308 daAuts
Vaults:4: 2277 daAuts
   Elf:3: 2244 daAuts
   Orc:2: 2161 daAuts
Vaults:2: 2150 daAuts
  Lair:2: 2144 daAuts
     D:8: 2098 daAuts
  Lair:1: 2061 daAuts
  Lair:3: 2007 daAuts
Depths:3: 2001 daAuts
   Elf:2: 1995 daAuts
Vaults:1: 1986 daAuts
